 Dungeon Crawl Stone Soup version 0.30-a0-393-g54b8e3be05 (webtiles) character file.

Game seed: 316666428689619498

450 bande the Chopper (level 7, 0/44 HPs)
             Began as a Gargoyle Fighter on Dec 6, 2022.
             Slain by a gnoll
             ... wielding a +0 spear
              (3 damage)
             ... on level 5 of the Dungeon.
             The game lasted 00:08:04 (3914 turns).

bande the Chopper (Gargoyle Fighter)                Turns: 3914, Time: 00:08:04

Health: 0/44       AC: 15    Str: 24    XL:     7   Next: 4%
Magic:  7/7        EV:  7    Int:  8    God:
Gold:   205        SH:  5    Dex: 11    Spells: 6/6 levels left

rFire   . . .      SeeInvis .    a - +0 war axe
rCold   + . .      Faith    .    c - +0 buckler
rNeg    + . .      Spirit   .    f - +0 chain mail
rPois   ∞          Reflect  .    t - +0 helmet
rElec   +          Harm     .    (no cloak)
rCorr   .          Rampage  .    (no gloves)
Will    .....                    (no boots)
Stlth   ..........               (no amulet)
HPRegen 0.27/turn                q - ring of Tyas {rPois rC+ Str+4}
MPRegen 0.10/turn                (no ring)

@: on berserk cooldown
A: sickness immunity, AC +4, negative energy resistance 1, electricity
resistance, torment resistance 1, petrification resistance
a: no special abilities


You were on level 5 of the Dungeon.
You visited 1 branch of the dungeon, and saw 5 of its levels.

You collected 205 gold pieces.

Inventory:

Hand Weapons
 a - a +0 war axe (weapon)
 b - a +0 flail of draining
Armour
 c - a +0 buckler (worn)
 f - a +0 chain mail (worn)
 t - a +0 helmet (worn)
Jewellery
 q - the ring of Tyas (left hand) {rPois rC+ Str+4}
   (You took it off a hobgoblin on level 2 of the Dungeon)

   [ring of protection from cold]

   Str:       It affects your strength (+4).
   rC:        It protects you from cold.
   rPois:     It protects you from poison.
Wands
 n - a wand of polymorph (7)
Scrolls
 e - 3 scrolls of teleportation
 g - 4 scrolls of identify
 j - a scroll of butterflies
 k - a scroll of enchant armour {unknown}
Potions
 d - 2 potions of might
 h - 2 potions of magic
 i - a potion of lignification
 l - a potion of haste
 p - a potion of berserk rage


   Skills:
 + Level 4.3 Fighting
 + Level 4.9 Axes
 + Level 4.7 Armour
 + Level 4.4 Shields


You had 6 spell levels left.
You didn't know any spells.
Your spell library was empty.

Dungeon Overview and Level Annotations

Branches:
Dungeon (5/15)
 Temple: D:4-7

Altars:
Xom
Yredelemnul


Innate Abilities, Weirdness & Mutations

You are immune to sickness and miasma.
Your stone body is resilient. (AC +4)
You are immune to poison.
You resist negative energy. (rN+)
You are resistant to electric shocks. (rElec)
You are resistant to unholy torment.
You are immune to petrification.


Message History

You are exhausted.
You feel yourself slow down. The gnoll hits you but does no damage.
The gnoll hits you from afar with a +0 spear.
* * * LOW HITPOINT WARNING * * *
The gnoll hits you but does no damage.
The gnoll hits you but does no damage. x2
You cannot move.
It was a potion of flight.
Your roots keep you in place.
The gnoll barely misses you.
The gnoll hits you but does no damage. x2
You block the gnoll's attack. The gnoll barely misses you.
The gnoll hits you but does no damage. The gnoll completely misses you.
The gnoll hits you but does no damage. x2
The gnoll hits you but does no damage. The gnoll hits you but does no damage.
The gnoll barely misses you.
Your transformation is almost over.
You block the gnoll's attack. You block the gnoll's attack.
The gnoll hits you but does no damage. The gnoll hits you but does no damage.
You hear the slow rusting of a very distant drain.
The gnoll completely misses you. The gnoll hits you but does no damage.
The gnoll hits you but does no damage.
The gnoll hits you from afar with a +0 spear.
* * * LOW HITPOINT WARNING * * *
The gnoll hits you but does no damage.
You feel less wooden.
Your +0 helmet unmelds from your body.
Your +0 chain mail unmelds from your body.
The gnoll hits you from afar with a +0 spear.
* * * LOW HITPOINT WARNING * * *
You block the gnoll's attack.
The gnoll hits you from afar with a +0 spear.
* * * LOW HITPOINT WARNING * * *
You feel yourself speed up. The gnoll barely misses you.
The gnoll barely misses you.
The gnoll hits you from afar with a +0 spear.
You die...

#...............
####......)........
#.............#.###
#.##.#.##.....#.#
#.##.#.###.#### #
#......# #.#
##...#####.#
#.........#
#..@####..#
##†))....)#
#g.......#
....##.#.# ##.... #
###.#. )#. ## #


You could see a gnoll.

Vanquished Creatures
  A phantom (D:4)
  A bullfrog (D:5)
  A hound (D:5)
  Ijyb (D:4)
  An orc wizard (D:3)
  6 gnolls
  2 adders
  An ufetubus (D:5)
  5 worms
  4 dart slugs
  21 orcs
  7 bats
  5 endoplasms
  A giant cockroach (D:1)
  7 goblins
  6 hobgoblins
  3 quokkas
  7 ball pythons
  3 frilled lizards
  16 kobolds
  7 rats
106 creatures vanquished.

Notes
Turn   | Place    | Note
-------+----------+-------------------------------------------
     0 | D:1      | bande the Gargoyle Fighter began the quest for the Orb.
     0 | D:1      | Reached XP level 1. HP: 14/14 MP: 1/1
   124 | D:1      | Reached XP level 2. HP: 19/19 MP: 2/2
   516 | D:1      | Reached XP level 3. HP: 23/23 MP: 3/3
  1379 | D:2      | Reached XP level 4. HP: 28/28 MP: 4/4
  1593 | D:2      | Identified the ring of Tyas {rPois rC+ Str+4}
  2075 | D:3      | Reached XP level 5. HP: 28/33 MP: 5/5
  2135 | D:3      | Found a basalt altar of Yredelemnul.
  2936 | D:4      | Noticed a phantom
  2958 | D:4      | Killed a phantom
  2959 | D:4      | Reached XP level 6. HP: 35/38 MP: 6/6
  3296 | D:4      | Found a shimmering altar of Xom.
  3447 | D:4      | Noticed Ijyb
  3467 | D:4      | Killed Ijyb
  3821 | D:5      | Entered Level 5 of the Dungeon
  3880 | D:5      | HP: 1/38 [gnoll/+0 spear (4)]
  3890 | D:5      | Reached XP level 7. HP: 11/44 MP: 7/7
  3914 | D:5      | Slain by a gnoll

Illustrated notes

Levels and vault maps discovered:
D:1:      lemuel_arrival_lava_pool, layout_loops_corners,
          hangedman_decor_growths, minmay_pentomino_r4
D:2:      layout_basic, corner_web_ring, kennysheep_cross_bottleneck,
          minmay_misc_feat_chi, kennysheep_generic_room_2
D:3:      layout_basic, lemuel_coloured_pillars_altar
D:4:      layout_loops_cross, mainiacjoe_overflow_concentric_impassable,
          uniq_ijyb
D:5:      layout_basic, grunt_dithmenos_shadows,
          nicolae_gozag_cash_rules_everything_around_me, serial_shops,
          nicolae_shop_stone, cheibrodos_sewer_entry_bend

Skill      XL: |  1  2  3  4  5  6 |
---------------+-------------------+-----
Axes           | 2 3 4 |  4.9
Armour         | 4 |  4.7
Shields        | 4 |  4.4
Fighting       | 4 |  4.3

Action                   |  1- 3 |  4- 6 |  7- 9 || total
-------------------------+-------+-------+-------++-------
Melee: War axe           |    89 |   255 |       ||   344
  Use: Scroll            |       |     9 |       ||     9
       Potion            |       |     4 |     1 ||     5
Armor: Scale mail        |    51 |    69 |       ||   120
       Chain mail        |       |   133 |       ||   133
       Skin              |       |    45 |    17 ||    62
Dodge: Dodged            |    35 |   124 |     7 ||   166
Block: Buckler           |    10 |    81 |     5 ||    96

Table legend: (Time is in decaauts)
 A = Elapsed time spent in this place.
 B = Non-inter-level travel time spent in this place.
 C = Inter-level travel time spent in this place.
 D = Time resting spent in this place.
 E = Time spent auto-exploring this place.
 F = Levels seen in this place.
 G = Mean time per level.
                   A        B        C        D        E       F      G
               +--------+--------+--------+--------+--------+-----+--------+
         Total |   4052 |   4033 |     19 |    128 |   2868 |   5 |  810.4 |
       Dungeon |   4052 |   4033 |     19 |    128 |   2868 |   5 |  810.4 |
               +--------+--------+--------+--------+--------+-----+--------+

Top non-repeatable levels by time:
     D:3: 1317 daAuts
     D:1: 928 daAuts
     D:2: 922 daAuts
     D:4: 774 daAuts
     D:5: 109 daAuts
